Cogmind - Beta 15 *** ADVENTURER MODE // 2025.09.06 @ 23:29:01 Player: Funfrock Result: Destroyed by G-47 Trooper with Particle Gun Performance ------------- Evolutions (0) 0 Regions Visited (2) 400 Robots Destroyed (25) 125 Value Destroyed (587) 587 Prototype IDs (0) 0 Alien Tech Used (0) 0 Bonus (0) 0 TOTAL SCORE: 1112 Bonus ------- None Cogmind --------- Core Integrity 0/250 Matter 297/300 Energy 250/250 System Corruption 0% Temperature Cool (9) Movement Treading (160) Location -10/Subcaves Parts ------- > --- POWER (1) -------- Ion Engine > --- PROPULSION (2) --- Spiked Treads Backup Propulsion I > --- UTILITY (2) ------ Core Shielding Backup Plating I > --- WEAPON (2) ------- Heavy Assault Rifle > --- INVENTORY (5) ---- Light Ion Engine Structural Scanner Subdweller Optics Subdweller Beam Cannon Peak State ------------ > --- POWER ------------ Ion Engine > --- PROPULSION ------- Improved Treads Backup Propulsion I > --- UTILITY ---------- Heat Sink Backup Plating I > --- WEAPON ----------- Heavy Assault Rifle Grenade Launcher > --- INVENTORY -------- Light Ion Engine Backup Propulsion I Shotgun [Rating: 9] Favorites ----------- Power Ion Engine Engine Ion Engine Propulsion Backup Propulsion I Treads Improved Treads Leg Aluminum Leg Wheel Wheel Hover Unit Backup Propulsion I Utility Backup Plating I Device Heat Sink Storage Large Storage Unit Protection Backup Plating I Weapon Heavy Assault Rifle Energy Gun Beam Rifle Ballistic Gun Heavy Assault Rifle Launcher Grenade Launcher Build | -11 -10 -10 ------- Run | Yrd Mat Sub Slots Evolved . | . . . Power . | . . . Propulsion . | . . . Utility . | . . . Weapon . | . . . Parts Attached 22 | 10 10 2 Power 5 | 2 2 1 Engine 5 | 2 2 1 Core . | . . . Reactor . | . . . Propulsion 7 | 4 2 1 Treads 2 | . 1 1 Leg 3 | 2 1 . Wheel 2 | 2 . . Hover . | . . . Flight . | . . . Utility 3 | 1 2 . Device 1 | 1 . . Storage 1 | . 1 . Processor . | . . . Hackware . | . . . Protection 1 | . 1 . Artifact . | . . . Weapon 7 | 3 4 . Energy Gun 2 | 1 1 . Energy Cannon . | . . . Ballistic Gun 3 | 2 1 . Ballistic Cannon . | . . . Launcher 2 | . 2 . Special Weapon . | . . . Impact Weapon . | . . . Slashing Weapon . | . . . Piercing Weapon . | . . . Special Melee Weapon . | . . . Unidentified Prototypes . | . . . Parts Lost . | . . . Power . | . . . Propulsion . | . . . Utility . | . . . Weapon . | . . . Highest Loss Streak . | . . . To Critical Strikes . | . . . Average Backups 3 | 1 3 3 Power 1 | . 1 1 Propulsion . | 1 1 . Utility . | . . 1 Weapon 1 | . 1 . Tool/Special . | . . . Unused Backups 7 | . 1 6 Power . | . . . Propulsion 1 | . 1 . Utility 4 | . . 4 Weapon 2 | . . 2 Tool/Special . | . . . Average Slot Usage (%) 85 | . 83 89 Engine 14 | . 14 14 Treads 8 | . 5 14 Leg 2 | . 4 . Wheel 2 | . 3 . Hover 9 | . 7 14 Device 6 | . 9 . Protection 17 | . 12 28 Energy Gun 3 | . 5 . Ballistic Gun 11 | . 10 14 Launcher 7 | . 8 3 Peak Build Rating 9 | 6 9 9 Average Rating 7 | 3 6 8 On Entrance 5 | . 6 9 Naked Turns . | . . . Heaviest Build 31 | 9 31 13 Greatest Support 23 | 20 23 23 Greatest Overweight (x) 3 | . 3 . Average Overweight (x) . | . . . Largest Inventory Capacity 15 | 5 15 5 Average Capacity 5 | 5 5 5 Most Carried 5 | 5 5 5 Average Carried 3 | 1 3 4 Final Capacity 5 | 5 5 5 Final Carried 5 | 4 5 4 Class Distribution -------------------- 100% | Mutant Dominant Class ---------------- Mutant | -10/Materials Mutant | -10/Subcaves Resources | -11 -10 -10 ----------- Run | Yrd Mat Sub Matter Collected 808 | 286 376 146 Remotely . | . . . Salvage Created 602 | 42 479 81 Parts 39 | 4 31 4 Haulers Intercepted . | . . . Recyclers Shooed 1 | . 1 . Parts Field Recycled . | . . . Retrieved Matter . | . . . Parts Self-Destructed . | . . . Prevented . | . . . Kills | -11 -10 -10 ------- Run | Yrd Mat Sub Combat Hostiles Destroyed 21 | 1 18 2 Guns 12 | 1 9 2 AOE 9 | . 9 . Classes Destroyed 5 | 1 3 1 Recycler 1 | . 1 . Watcher 3 | . 3 . Swarmer 9 | . 9 . Grunt 10 | 1 9 . Subdweller 2 | . . 2 Best Kill Streak 4 | 1 4 1 Combat Bots Only 3 | 1 3 1 Max Kills in Single Turn 4 | 1 4 1 Gunslinging . | . . . Exploded 3 | . 3 . Melee . | . . . Uniques/NPCs Destroyed . | . . . Combat | -11 -10 -10 -------- Run | Yrd Mat Sub Hostile Shots Fired 94 | 3 78 13 Missed 26 | 1 24 1 Hits 68 | 2 54 12 Projectile 68 | 2 54 12 Critical Strikes 3 | . 1 2 Actively Blocked 1 | . . 1 Damage Taken 716 | 16 507 193 Core 253 | . 199 54 Absorbed by Shields . | . . . Redirected to Shielding 14 | . 2 12 Ignored by Resistances 220 | 5 160 55 Core Remaining (%) 100 | 100 . . Volleys Fired 66 | 2 51 13 Largest 2 | 2 2 2 Hottest 86 | 40 86 53 Shots Fired 85 | 4 67 14 Gun 71 | 4 54 13 Cannon . | . . . Launcher 14 | . 13 1 Special . | . . . Kinetic 55 | 4 38 13 Thermal 16 | . 16 . Explosive 14 | . 13 1 Electromagnetic . | . . . Robot Hit Streak 18 | 3 18 10 Robot Miss Streak 5 | 1 5 1 Penetration Max . | . . . Secondary Targets . | . . . Shots Hit Robots 64 | 3 50 11 Core Hits 37 | 2 31 4 Critical Kills . | . . . Critical Parts Destroyed . | . . . Critical Strikes 1 | . 1 . Burn 1 | . 1 . Melee Attacks . | . . . Impact . | . . . Slashing . | . . . Piercing . | . . . Sneak Attacks . | . . . Combat Hostiles . | . . . Follow-up Attacks . | . . . Damage Inflicted 1481 | 40 1238 203 Guns 757 | 40 564 153 Cannons . | . . . Explosions 724 | . 674 50 Melee . | . . . Ramming . | . . . Kinetic 572 | 40 379 153 Thermal 185 | . 185 . Explosive 724 | . 674 50 Electromagnetic . | . . . Impact . | . . . Slashing . | . . . Piercing . | . . . Highest Corruption . | . . . Average Corruption . | . . . Corruption Purged . | . . . Corruption Blocked . | . . . Overload Shots . | . . . Overflow Damage 6 | . 6 . Projectiles . | . . . Explosions 6 | . 6 . Melee . | . . . Knockbacks . | . . . Impact . | . . . Kinetic . | . . . Secondary . | . . . Self-Inflicted Damage 58 | . 58 . Shots 3 | . 3 . Rammed 1 | 1 . . Targets Rammed 1 | 1 . . Kicked . | . . . Crushed . | . . . Highest Temperature 61 | . 61 . Average Temperature 39 | . 39 . Received Heat Transfer 315 | 12 285 18 Siege Activations . | . . . Martial Activations . | . . . Shielding Activations . | . . . Robots Disrupted . | . . . Combat Hostiles . | . . . Robots Corrupted . | . . . Combat Hostiles . | . . . Parts Fried . | . . . Impact Corruptions . | . . . Robots Melted . | . . . Combat Hostiles . | . . . Parts Melted 2 | . 2 . Heat Transferred 555 | . 555 . Parts Sabotaged . | . . . Parts Stolen . | . . . Parts Stripped . | . . . Power Chain Reactions . | . . . Alert | -11 -10 -10 ------- Run | Yrd Mat Sub Maximum Alert Level . | . . . Low Security (%) 100 | 100 100 . Level 1 . | . . . Level 2 . | . . . Level 3 . | . . . Level 4 . | . . . Level 5 . | . . . High Security . | . . . Max Security . | . . . Peak Influence 179 | 20 179 . Initial 5 | . 5 . Average 68 | 2 73 . Influence Increases 629 | 20 609 . Destroy 0b10 Robot/C 380 | 20 360 . Destroy 0b10 Robot/NC 20 | . 20 . Destroy Leader 76 | . 76 . Successful Hack 12 | . 12 . Disable Machine 9 | . 9 . Destroy Structure 72 | . 72 . Lose Combat Pursuer 60 | . 60 . Influence Decreases 629 | 10 490 129 Entered New Map 77 | . 5 72 Time Decay 552 | 10 485 57 Squads Dispatched 3 | . 3 . Investigation 3 | . 3 . Extermination . | . . . Reinforcement . | . . . Assault . | . . . Garrison . | . . . Intercept . | . . . Searches Triggered . | . . . Construction Impeded . | . . . Haulers Reinforced . | . . . Active Scanning Responses . | . . . Cargo Convoy Interrupts . | . . . Stealth | -11 -10 -10 --------- Run | Yrd Mat Sub Distress Signals . | . . . Communications Jammed . | . . . Distress Signals . | . . . Times Spotted 36 | 1 24 11 Peak Tracking Total 6 | 1 6 5 Tactical Retreats 2 | . 2 . Traps | -11 -10 -10 ------- Run | Yrd Mat Sub Traps Triggered 2 | . 2 . Indirectly . | . . . Trap Hack Attempts . | . . . Triggered . | . . . Disarmed . | . . . Reprogrammed . | . . . Reused . | . . . Traps Extracted . | . . . Installed . | . . . Triggered . | . . . Machines | -11 -10 -10 ---------- Run | Yrd Mat Sub Machines Disabled 1 | . 1 . Max in Single Turn 1 | . 1 . Machines Repaired . | . . . Machines Dismantled . | . . . Machines Sabotaged . | . . . Overloaded Fab Kills . | . . . Hacking | -11 -10 -10 --------- Run | Yrd Mat Sub Machines Accessed 8 | . 7 1 Terminals 5 | . 5 . Fabricators . | . . . Repair Stations 1 | . 1 . Recycling Units 1 | . 1 . Scanalyzers . | . . . Garrison Access . | . . . Total Hacks 18 | . 13 5 Successful 16 | . 11 5 Failed 2 | . 2 . Catastrophic . | . . . Database Lockouts . | . . . Manual . | . . . Terminals 8 | . 8 . Fabricators . | . . . Repair Stations 2 | . 2 . Recycling Units 3 | . 3 . Scanalyzers . | . . . Garrison Access . | . . . Terminal Hacks 11 | . 6 5 Record 7 | . 2 5 Repair Station Index 1 | . 1 . Locate Traps 1 | . 1 . Dispatch Records 1 | . 1 . Hauler Manifests 1 | . 1 . Fabricator Hacks . | . . . Repair Station Hacks 2 | . 2 . Refit 2 | . 2 . Recycling Unit Hacks 3 | . 3 . Retrieve Matter 3 | . 3 . Scanalyzer . | . . . Garrison Access Hacks . | . . . Unauthorized Hacks . | . . . Terminals . | . . . Fabricators . | . . . Repair Stations . | . . . Recycling Units . | . . . Scanalyzers . | . . . Garrison Access . | . . . Data Cores Recovered . | . . . Used . | . . . Hacking Detections 2 | . 2 . Full Trace Events 1 | . 1 . Feedback Events . | . . . Feedback Blocked . | . . . Robot Schematics Acquired . | . . . Robots Built . | . . . Authchips . | . . . Time . | . . . Total Robot Build Rating . | . . . Part Schematics Acquired . | . . . Parts Built . | . . . Authchips . | . . . Time . | . . . Total Part Build Rating . | . . . Parts Repaired . | . . . Time . | . . . Parts Recycled . | . . . Recycled Matter . | . . . Retrieved Matter . | . . . Retrieved Components . | . . . Parts Scanalyzed . | . . . Part Schematics Acquired . | . . . Parts Damaged . | . . . Bothacking | -11 -10 -10 ------------ Run | Yrd Mat Sub Used RIF Installer . | . . . Robots Hacked . | . . . Non-combat . | . . . Combat . | . . . Robot Hacks Applied . | . . . Relay Couplers Released . | . . . Fabnet Peak Effective % . | . . . Robots Rewired . | . . . Allies Hacked . | . . . Hacks Repelled . | . . . Allies | -11 -10 -10 -------- Run | Yrd Mat Sub Total Allies . | . . . Largest Group . | . . . Highest-Rated Group . | . . . Highest-Rated Ally . | . . . Total Orders . | . . . Ally Attacks . | . . . Total Damage . | . . . Kills . | . . . Allies Corrupted . | . . . Allies Melted . | . . . Intel | -11 -10 -10 ------- Run | Yrd Mat Sub Active Infowar (turns) . | . . . Robot Analysis Total . | . . . Derelict Logs Recovered . | . . . Drone Launches . | . . . Drone Recoveries . | . . . Exploration | -11 -10 -10 ------------- Run | Yrd Mat Sub Turns Passed 1639 | 90 1061 488 Spaces Moved 936 | 84 576 276 Core 138 | 20 118 . Treads 492 | . 216 276 Legs 34 | 2 32 . Wheels 191 | 62 129 . Hover 81 | . 81 . Flight . | . . . Fastest Speed 50 | 50 80 160 Average Speed 149 | 73 155 160 Slowest Speed 260 | 120 260 160 Overloaded Moves . | . . . Propulsion Burnouts . | . . . Robots Hopped . | . . . Potential Cave-ins . | . . . Cave-ins Triggered . | . . . Exploration Rate (%) 34 | 9 78 16 Regions Visited 2 Branch Regions 1 Pre-discovered Areas 2 | . . 2 Known Exits Taken . | . . . Unknown Exits Taken 2 | 1 1 . Scrap Searched 1 | . . 1 Spaces Dug . | . . . Terrain Destroyed 81 | . 75 6 Melee . | . . . Projectile . | . . . AOE 81 | . 75 6 Terrain Rammed . | . . . Walls Destroyed . | . . . Machines Disabled . | . . . Actions | -11 -10 -10 --------- Run | Yrd Mat Sub Total 1101 | 107 682 312 Wait 26 | . 18 8 Move 934 | 83 575 276 Hop . | . . . Pick Up 17 | 7 6 4 Fast Attach 6 | 4 2 . Attach 11 | 6 5 . Detach 10 | 3 7 . Swap 9 | . 6 3 Drop 21 | 1 12 8 Fire 66 | 2 51 13 Melee . | . . . Ram 1 | 1 . . Kick . | . . . Crush . | . . . Escape Stasis . | . . . Rewire . | . . . Trap . | . . . Miscellaneous . | . . . Route ------- -11/Scrapyard -10/Materials (discovered 3 exits: [*Mat x2] / *Sub) -10/Subcaves (discovered 1 exit: [*Mat]) History --------- Turn | Location | Event 2 | -11/Scrapyard | Met Revision 17 62 | -11/Scrapyard | Discovered new exit (range 8) 91 | -11/Scrapyard | Entered Materials 308 | -10/Materials | Build established: Mutant 322 | -10/Materials | Discovered new exit (range 10) 474 | -10/Materials | Core integrity fell below 50% 891 | -10/Materials | Discovered new exit (range 5) 1125 | -10/Materials | Discovered new exit (range 16) 1152 | -10/Materials | Entered Subcaves 1168 | -10/Subcaves | Discovered new exit (range 13) 1174 | -10/Subcaves | Learned location of Zion (-7) 1174 | -10/Subcaves | Met a Zionite searching for "candidates" 1262 | -10/Subcaves | Visited Clippyterm 1267 | -10/Subcaves | Learned location of Deep Caves (-7) 1267 | -10/Subcaves | Learned Factory emergency access door positions 1284 | -10/Subcaves | Ambushed by swarm of Subdwellers 1289 | -10/Subcaves | Core integrity fell below 20% 1432 | -10/Subcaves | Ambushed by angry Subdweller bent on revenge 1453 | -10/Subcaves | Shifting Twisted Machinery released Sub. Optics 1455 | -10/Subcaves | Shifting Twisted Machinery released Sub. Beam Cannon 1544 | -10/Subcaves | A swath of the cavern ceiling suddenly collapsed 1640 | -10/Subcaves | Destroyed by G-47 Trooper with Particle Gun Last Messages --------------- Machinery. DP-PVL(R): "ECOKILL!" DP-PVL(R) suffers critical hit (Burn). DP-PVL(R) destroyed. Acquired 19 matter. Sub. Optics falls loose from the Twisted Machinery. Sub. Beam Cannon falls loose from the Twisted Machinery. Acquired Sub. Optics. Dropped Sml. Matter Pod. Dropped Imp. Treads. Acquired Sub. Beam Cannon. NY-29A(R): "WINNING!" Searching scrap... Found Battle Cannon. Found 61 Matter. A swath of the cavern ceiling suddenly collapses. [Achievement: First Step to Greatness] Map ----- +----------------------------------------------------+ | ?????????????????????????????????????# ### ##?? | | ?????????????????????????????????????## ### #??? | | ??????????????????????????????????????## # ###? | | ???????????????????????????????????????### #? | | ????????????????????????????????? ?????## [ ##? | | ???????????????????????????????? ????# ! ##? | | ????????????????????????????????? ???## ## | | ???????????????????????????????# ? ???#### # | | ????????????????????????????????? ? ?????# # | | ??????????????????????????????????# # ##### = ## | | ?????????????????????????????????# # * < #? | | ?????????????????????????????????# * #? | | ?????????????????????????????????# #? | | ?????????????????????????????????# ### # ##? | | ?????????????????????????????????#????###### #?? | | ???????????????????????????????????????????# #?? | | ???????????????????????????????##?????##?### #?? | | ??????????????????????????????? ??#??## ## ##? | | ?????????????????????????????? #?## ## ## | | ?????????????????????????????? ### # | | ????????????????????????????? ### ## # | | ????????????????????????????# # # ## # | | ???????????????????????????# g | | ????????????????????????###% =% g ## # | | ??????????????????????### % # ## #### | | ??????????????????????# @ #???? ?#??## ## ## | | ??????????????????????##g #??????????##?## | | ?????????????????????###gg##??????###????## | | ????????????????###??# # ######## ##??## #### | | ??????????????### ##?# ### # # #### #?? | | ???????????#### ### ## ##?? | | ???????????# ## = ##??? | | ????????????# %* # # #???? | | ????????????## ######## #???? | | ?????????????#### ## " ##??????# ###???? | | ????????????????## ### ##??????# #?????? | | ?????????????????# #### #???????#### ????? | | ?????????????????# #### #??????????### ??? | | ?????????????????# %#?# #????????????### ###?? | | ????????????????##"" " ### ##???????????????##???? | | ???????????????##""""" "" #?????????????????????? | | ??????????????## """"" "" ##????????????????????? | | ????????????### """"" " "##???????????????????? | | ????????????# """" "" " #???????????????????? | | ???????????#" "" #######???????????????????? | | ????????????""""##"" ##?????????????????????????? | | ????????????#""# ##"" ##?????????????????????????? | | ??????????????#" ! "" #?????????????????????????? | | ??????????????#" = ##????????????????????????? | | ?????????????## # #????????????????????????? | +----------------------------------------------------+ Best States ------------- Heat Dissipation 35 Energy Generation 10 Energy Capacity 250 Matter Stores 300 Matter Capacity 300 Sight Range 16 Terrain Scan Density 10 Armor Coverage 80 Resistance: KI 20 Resistance: TH 20 Resistance: EX 20 Resistance: EM 20 Resistance: I 20 Resistance: S 20 Resistance: P 20 Core Shielding 20 Evasion (%) 50 Recoil Reduction 1 Offensive Hacking 10 Item Schematics ----------------- None Robot Schematics ------------------ None Fabricated ------------ Nothing Repaired ---------- Nothing Alien Tech Used ----------------- None Achievements -------------- First Step to Greatness Let's See Who's Tougher One Hack Too Far Shopping List Storm Trooper Challenges ------------ None Game ------ Seed GrapheneAutogunMultitool Manual? 0 Play Time 00:54:50 Cumulative 0.8 hours Start 2025.09.06 @ 22:29:38 End 2025.09.06 @ 23:29:01 Sessions 1 Manual Loads 0 Difficulty Adventurer Special Mode None Game No. 1 Rogue 0 Adventurer 1 Explorer 0 Win Type - Total 0 Types 0/0/0/0/0/0/0/0/0/0 Lore% 0 Gallery% 1 Achievement% 2 Wizard Run 0 Options --------- Layout 1 ASCII 0 Keyboard 1 Movement Vi Keybinds 0 Fullscreen 1 Font 48/Smallcaps Map View 50x40 Zoom Use 0% Tactical HUD 0 Map Filters NONE Filters NONE Steam 1 RUN: c575bb46-85c6-46bf-8302-413f72584303